 Dungeon Crawl Stone Soup version 0.27.1-16-g815e20cd7a (webtiles) character file.

Game seed: 16923695609774508468

4 Descartes the Sneak (level 1, -4/11 HPs)
             Began as a Spriggan Delver on Nov 22, 2021.
             Slain by a black bear (5 damage)
             ... on level 4 of the Dungeon.
             The game lasted 00:00:38 (170 turns).

Descartes the Sneak (Spriggan Delver)                Turns: 170, Time: 00:00:38

Health: -4/11      AC:  2    Str:  8    XL:     1   Next: 50%
Magic:  2/2        EV: 17    Int: 11    God:
Gold:   20         SH:  0    Dex: 16    Spells: 0/0 levels left

rFire    . . .     SeeInvis +   a - +0 short sword
rCold    . . .     Faith    .   (shield restricted)
rNeg     . . .     Spirit   .   b - +0 robe
rPois    .         Reflect  .   (helmet restricted)
rElec    .         Harm     .   (no cloak)
rCorr    .         Rampage  .   (gloves unavailable)
Will     .....                  (boots unavailable)
Stlth    ++++......             (no amulet)
HPRegen  0.03/turn              (no ring)
MPRegen  0.08/turn              (no ring)

@: very quick
A: very small, no large weapons, unfitting armour, see invisible, speed 3
a: no special abilities


You were on level 4 of the Dungeon.
You visited 1 branch of the dungeon, and saw 2 of its levels.

You collected 20 gold pieces.

Inventory:

Hand Weapons
 a - a +0 short sword (weapon)
Armour
 b - a +0 robe (worn)
Wands
 g - a wand of digging (3)
Scrolls
 c - a scroll of fog
 d - a scroll of magic mapping
 e - a scroll of fear
Potions
 f - a potion of haste
 h - 2 potions of magic {unknown}


   Skills:
 - Level 2.4 Fighting
 - Level 2.1 Short Blades
 - Level 2.6 Dodging
 + Level 7.6 Stealth


You couldn't memorise any spells.
You didn't know any spells.
Your spell library was empty.

Dungeon Overview and Level Annotations

Branches:
Dungeon (5/15)
 Temple: D:4-7

Altars:


Innate Abilities, Weirdness & Mutations

You are very small and have problems with some larger weapons.
You are too small for most types of armour.
You have supernaturally acute eyesight. (SInv)
You cover ground extremely quickly. (Speed+++)


Message History

You closely miss the adder zombie.
The adder zombie is almost destroyed.
The adder zombie closely misses you.
You closely miss the adder zombie.
The adder zombie is almost destroyed.
The adder zombie barely misses you.
You hit the adder zombie.
You destroy the adder zombie!
No target in view!
HP restored.
Found 6 gold pieces.
You now have 20 gold pieces (gained 6).
Found 14 poisoned darts.
Found a stone staircase leading up.
There is a stone staircase leading up here.
You climb upwards.
Found a hand axe.
There is a stone staircase leading down here.
The helpless black bear fails to defend itself.
You impale the black bear!!
The black bear is severely wounded.
The black bear misses you. The black bear claws you.
The black bear completely misses you.
You hit the black bear.
The black bear is severely wounded.
The black bear bites you. The black bear completely misses you.
The black bear misses you.
You hit the black bear.
The black bear is almost dead.
The black bear goes berserk!
You hit the black bear.
The black bear is almost dead.
The black bear barely misses you. The black bear closely misses you. x2
The black bear completely misses you. x3
You hit the black bear.
The black bear is almost dead.
The black bear closely misses you. The black bear claws you.
* * * LOW HITPOINT WARNING * * *
The black bear claws you.
You die...

# ##########.#
......h@>).#
#########.......
#.##### ... ###


You could see a black bear (berserk).

Vanquished Creatures
  An adder zombie (D:5)
1 creature vanquished.

Notes
Turn   | Place    | Note
-------+----------+-------------------------------------------
     0 | D:5      | Descartes the Spriggan Delver began the quest for the Orb.
     0 | D:5      | Reached XP level 1. HP: 11/11 MP: 2/2
   164 | D:4      | Noticed a black bear
   170 | D:4      | Slain by a black bear

Illustrated notes

Levels and vault maps discovered:
D:4:      layout_loops_ring, nicolae_overflow_crystal_walls,
          grunt_temple_overflow_open, nicolae_dithmenos_shadow_blocks
D:5:      layout_basic, mainiacjoe_overflow_catwalk, marbit_many_paths,
          uniq_prince_ribbit1

Action                   || total
-------------------------++-------
Melee: Short sword       ||    14
 Stab: Sleeping          ||     1
Armor: Robe              ||     1
Dodge: Dodged            ||    19
